[Event "Late-Titled-Tuesday-Blitz-June-04-2024"]
[Site "Chess.com"]
[Date "2024.06.04"]
[Round "6"]
[White "howitzer14"]
[Black "N_I_Chess"]
[Result "1-0"]
[WhiteElo "3022"]
[BlackElo "2287"]
[TimeControl "180+1"]
[EndTime "15:05:22 PDT"]
[Termination "howitzer14 won on time"]

1. d4 Nf6 2. Bf4 d5 3. e3 e6 4. c4 Bd6 5. Bg3 c5 6. dxc5 Bxc5 7. Nc3 O-O 8. Nf3 dxc4 9. Bxc4 Nc6 10. O-O a6 11. Rc1 b6 12. Qxd8 Rxd8 13. Na4 b5 14. Nxc5 bxc4 15. Rxc4 Ne7 16. Rfc1 a5 17. e4 Kf8 18. Bc7 Re8 19. Ne5 Ra7 20. Bb6 Ra8 21.
f3 Kg8 22. b3 Ng6 23. Nc6 Nd7 24. Bxa5 Nxc5 25. Rxc5 Bd7 26. Nd4 h6 27. b4 Rec8 28. Kf2 Rxc5 29. Rxc5 Kf8 30. Ke3 Ke8 31. g3 Ne7 32. a3 Nc8 33. h4 Nd6 34. Rc7 1-0

[Event "Late-Titled-Tuesday-Blitz-June-04-2024"]
[Site "Chess.com"]
[Date "2024.06.04"]
[Round "6"]
[White "Agustin_Meza"]
[Black "Eloist"]
[Result "1/2-1/2"]
[WhiteElo "2182"]
[BlackElo "2425"]
[TimeControl "180+1"]
[EndTime "15:05:22 PDT"]
[Termination "Game drawn by repetition"]

1. e4 e6 2. d4 d5 3. exd5 exd5 4. c4 Nf6 5. Nf3 Bb4+ 6. Bd2 Bxd2+ 7.
Nbxd2 O-O 8. Be2 Re8 9. O-O Nc6 10. a3 Bg4 11. cxd5 Nxd5 12. h3 Bh5 13. Re1 Nf4 14. Rc1 Nxe2+ 15. Rxe2 Rxe2 16. Qxe2 Nxd4 17. Qe4 Nxf3+ 18.
Nxf3 c6 19. Re1 h6 20. Ne5 Qd5 21. Qh4 Qd2 22. Re3 Qd1+ 23. Kh2 f6 24. Rd3 Qe2 25. Re3 g5 26. Qe4 Qxf2 27. Ng4 Bxg4 28. Qg6+ Kf8 29.
Qxh6+ Kf7 30. Qh7+ Kf8 31. Qh6+ Kf7 32. Qh7+ Kf8 33.
Qh6+ 1/2-1/2

[Event "Late-Titled-Tuesday-Blitz-June-04-2024"]
[Site "Chess.com"]
[Date "2024.06.04"]
[Round "6"]
[White "GMTalks_Youtube"]
[Black "ChessLebaneseSalah"]
[Result "0-1"]
[WhiteElo "2732"]
[BlackElo "2591"]
[TimeControl "180+1"]
[EndTime "15:05:23 PDT"]
[Termination "ChessLebaneseSalah won by resignation"]

1. e4 e5 2. Nf3 Nc6 3. Bc4 Bc5 4. d3 Nf6 5. Nbd2 O-O 6. O-O d5 7.
exd5 Nxd5 8. Ne4 Bb6 9. a4 a5 10. Re1 h6 11. Ng3 Re8 12. c3 Nf6 13. Bb5 e4 14.
dxe4 Qxd1 15. Rxd1 Nxe4 16. Nxe4 Rxe4 17. h3 Re8 18. Bf4 Bf5 19. Kf1 Rad8 20. Rxd8 Rxd8 21. Ke2 Re8+ 22. Kf1 Rd8 23. Re1 Be6 24. Ke2 Re8 25. Kf1 Rd8 26. h4 Ne7 27. Be3 Bxe3 28. Rxe3 c6 29. Be2 Nd5 30. Re4 Nb6 31. Nd4 Bd5 32. Re7 Nxa4 33. Rxb7 c5 34. Nf5 Bxb7 0-1

[Event "Late-Titled-Tuesday-Blitz-June-04-2024"]
[Site "Chess.com"]
[Date "2024.06.04"]
[Round "6"]
[White "osh1ro"]
[Black "NajdorfPlayerc5"]
[Result "1-0"]
[WhiteElo "2624"]
[BlackElo "2449"]
[TimeControl "180+1"]
[EndTime "15:05:23 PDT"]
[Termination "osh1ro won on time"]

1. d4 Nf6 2. c4 e6 3. Nc3 Bb4 4. Bd2 c5 5. e3 O-O 6. Nf3 d5 7. a3 Bxc3 8. Bxc3 cxd4 9. Nxd4 Nc6 10. Bd3 Ne5 11. cxd5 Nxd3+ 12. Qxd3 Qxd5 13. O-O-O e5 14. Nb5 Qxd3 15. Rxd3 Bf5 16. Rdd1 Ne4 17. Nd6 Nxd6 18. Rxd6 f6 19. Rhd1 Kf7 20. f3 Be6 21. e4 Rac8 22.
R1d3 Ke7 23. Kd2 Rfd8 24. Bb4 Rxd6 25. Bxd6+ Ke8 26. Ke3 Rd8 27. f4 exf4+ 28. Kxf4 Kf7 29. e5 fxe5+ 30. Kxe5 Bg4 31. h3 Be2 32. Rc3 Rd7 33.
Rc8 h6 34. g3 Bf1 35. h4 Kg6 36. Rf8 Bh3 37. Ra8 a6 38. Rf8 Rf7 39. h5+ 1-0

[Event "Late-Titled-Tuesday-Blitz-June-04-2024"]
[Site "Chess.com"]
[Date "2024.06.04"]
[Round "6"]
[White "Der_Balak_3Halak"]
[Black "CrushingKings"]
[Result "0-1"]
[WhiteElo "2396"]
[BlackElo "2618"]
[TimeControl "180+1"]
[EndTime "15:05:23 PDT"]
[Termination "CrushingKings won by checkmate"]

1. e4 g6 2. h4 Bg7 3. h5 c5 4. c3 Nc6 5. Nf3 d5 6. exd5 Qxd5 7.
hxg6 hxg6 8. Rxh8 Bxh8 9. Na3 Bg4 10. Be2 O-O-O 11. d3 e5 12. Bg5 f6 13. Be3 f5 14.
Qc2 Nge7 15. Nc4 b6 16. O-O-O f4 17. Bd2 Bf5 18. Be1 b5 19. Na3 Qxa2 20. Nh4 Be6 21. Nxb5 Bb3 22. Qb1 Qxb1+ 23. Kxb1 Bxd1 24. Bxd1 Rxd3 25. Bc2 Rd7 26. Nxg6 Nxg6 27. Bxg6 Rd1+ 28. Kc2 Rxe1 29. Kb3 e4 30. Bxe4 Na5+ 31. Kc2 Re2+ 32. Kd3 Rxf2 33. Nd6+ Kc7 34. Ne8+ Kb6 35. Bf3 Rxb2 36. Nd6 Be5 37. Nf7 Bg7 38. Nd6 Rb3 39. Ne4 c4+ 40. Kc2 Nc6 41.
Nd6 Rxc3+ 42. Kd2 Rd3+ 43. Kc2 Rxd6 44. Be2 Nd4+ 45. Kb1 Nxe2 46. g4 fxg3 47. Kc2 g2 48. Kb1 g1=Q+ 49. Kc2 Qc1# 0-1

[Event "Late-Titled-Tuesday-Blitz-June-04-2024"]
[Site "Chess.com"]
[Date "2024.06.04"]
[Round "6"]
[White "szachmistrz2500"]
[Black "egnfanclub"]
[Result "1-0"]
[WhiteElo "2500"]
[BlackElo "2354"]
[TimeControl "180+1"]
[EndTime "15:05:23 PDT"]
[Termination "szachmistrz2500 won on time"]

1. e4 e5 2. Nf3 Nc6 3. Bb5 a6 4. Ba4 d6 5. O-O Nf6 6. Re1 Be7 7. c3 O-O 8. h3 h6 9. d4 b5 10. Bb3 exd4 11. cxd4 Na5 12. Bc2 c5 13. dxc5 dxc5 14. Qe2 Nc6 15. e5 Nd5 16. Qe4 g6 17. Bxh6 Bf5 18.
Qe2 Bxc2 19. Qxc2 Re8 20. Nc3 Nd4 21. Qd1 Nb4 22. Nxd4 cxd4 23. Ne4 Rc8 24. a3 Nc2 25.
Qg4 Nxe1 26. Rxe1 Rc6 27. Rd1 d3 28. Qg3 Qd5 29. Nc3 Qb3 30. Rxd3 Qxb2 31. Nd5 Bd8 32. Kh2 Rce6 33. f4 Be7 34. Bg5 Bxg5 35. Qxg5 Kg7 36.
Qg3 Rh8 37. f5 Rxe5 38. f6+ Kf8 39. Nc3 Re8 40. Rd7 Qb3 41. Qd6+ Kg8 42. Nd5 1-0

[Event "Late-Titled-Tuesday-Blitz-June-04-2024"]
[Site "Chess.com"]
[Date "2024.06.04"]
[Round "6"]
[White "ChempionBg"]
[Black "Heliosis11"]
[Result "1-0"]
[WhiteElo "2248"]
[BlackElo "2382"]
[TimeControl "180+1"]
[EndTime "15:05:23 PDT"]
[Termination "ChempionBg won by resignation"]

1. d4 Nf6 2. c4 e6 3. Nf3 b6 4. g3 Bb7 5. Bg2 Be7 6. O-O O-O 7. Nc3 d5 8. Ne5 Nbd7 9. Bg5 h6 10. Nxd7 Qxd7 11.
Bxf6 Bxf6 12. cxd5 exd5 13. Rc1 Rfe8 14. e3 c6 15. b4 a5 16. a3 axb4 17. axb4 Be7 18.
Qb3 Ba6 19. b5 cxb5 20. Nxd5 Rab8 21. Nc7 Bb7 22. Bxb7 Rxb7 23. Nxe8 Qxe8 24. d5 Bc5 25. Rfd1 b4 26. d6 Ra7 27. Qd5 Qd7 28. e4 Ra3 29. e5 b3 30. Rb1 Ra2 31. Rxb3 Rxf2 32. Qxc5 bxc5 33. Kxf2 Qf5+ 34. Kg1 Qd7 35. Rc3 f6 36. e6 Qa7 37. d7 c4+ 38. Kg2 Qb7+ 39. Rf3 Qb2+ 40. Rf2 Qb7+ 41. Kg1 1-0

[Event "Late-Titled-Tuesday-Blitz-June-04-2024"]
[Site "Chess.com"]
[Date "2024.06.04"]
[Round "6"]
[White "snowlord"]
[Black "Bryanl106"]
[Result "1-0"]
[WhiteElo "2929"]
[BlackElo "2726"]
[TimeControl "180+1"]
[EndTime "15:05:24 PDT"]
[Termination "snowlord won by resignation"]

1. e4 e5 2. Nf3 Nc6 3. Bb5 a6 4. Ba4 Nf6 5. d3 b5 6. Bb3 Be7 7. a4 Rb8 8. axb5 axb5 9. Nc3 d6 10. Nd5 O-O 11. Bd2 Be6 12. Ra6 Nd4 13. Nxd4 exd4 14. Nb4 Bxb3 15. Nc6 Qe8 16. cxb3 Rb6 17. Rxb6 cxb6 18.
Nxe7+ Qxe7 19. O-O d5 20. Qe1 Re8 21. f3 dxe4 22.
dxe4 Nd7 23. Qe2 Rc8 24. Qxb5 Rc2 25. Bb4 Qe6 26. Qd3 Rxb2 27. Qxd4 Rxb3 28. Rd1 h6 29. Bc3 Nf6 30. h4 Rb5 31. Ba1 Rh5 32. Qf2 b5 33.
Qg3 b4 34. Rd6 Qe7 35. Bxf6 Qf8 36. Bd4 Qd8 37. Rxd8+ 1-0

[Event "Late-Titled-Tuesday-Blitz-June-04-2024"]
[Site "Chess.com"]
[Date "2024.06.04"]
[Round "6"]
[White "KingCyber19"]
[Black "sari07"]
[Result "1-0"]
[WhiteElo "2620"]
[BlackElo "2404"]
[TimeControl "180+1"]
[EndTime "15:05:24 PDT"]
[Termination "KingCyber19 won by resignation"]

1. d4 Nf6 2. c4 c5 3. d5 e6 4. Nc3 exd5 5. cxd5 d6 6. e4 g6 7. Bb5+ Bd7 8. a4 a6 9. Bd3 Bg7 10. f4 Bg4 11. Nf3 O-O 12. O-O Nbd7 13. h3 Bxf3 14. Qxf3 Re8 15. Be3 Rc8 16. a5 c4 17. Bc2 Nc5 18. e5 Nfd7 19. e6 fxe6 20. dxe6 Rxe6 21. f5 Rxe3 22. Qxe3 Ne5 23. Nd5 Ncd3 24. f6 Bf8 25. b3 Nc5 26. bxc4 Nxc4 27. Qc3 Ne5 28. Rae1 Ne6 29. Qb2 Kh8 30. Bb1 Rc5 31.
Ba2 Nc7 32. f7 Nxd5 33. Rxe5 dxe5 34. Qxe5+ Bg7 35. Qe8+ Qxe8 36. fxe8=Q+ 1-0

[Event "Late-Titled-Tuesday-Blitz-June-04-2024"]
[Site "Chess.com"]
[Date "2024.06.04"]
[Round "6"]
[White "ncofre98"]
[Black "ulises2013"]
[Result "0-1"]
[WhiteElo "2602"]
[BlackElo "2906"]
[TimeControl "180+1"]
[EndTime "15:05:25 PDT"]
[Termination "ulises2013 won on time"]

1. c4 g6 2. g3 Bg7 3. Bg2 c5 4. Nc3 Nc6 5. a3 Nf6 6. Rb1 O-O 7. b4 d6 8. d3 Bd7 9. bxc5 Qa5 10. Bd2 Qxc5 11. Rxb7 Rab8 12. Rxb8 Rxb8 13. Nf3 Qxa3 14. O-O a6 15. h3 Rb3 16. Nb1 Qb2 17. Be3 a5 18. Nbd2 Rb8 19. Qa4 Rb4 20. Qd1 a4 21.
d4 d5 22. Ne5 Nxe5 23. dxe5 Qxe5 24. cxd5 a3 25. Bc5 Ra4 26. Nb3 a2 27. Bd4 Qd6 28. Ba1 Ne8 29. e4 Bxa1 30. Nxa1 Qb4 31. Qc2 Ra3 32. Rc1 Nd6 33. e5 Nf5 34. Qc7 Qd2 35. Rf1 Ba4 36. d6 exd6 37. e6 fxe6 38. Qd8+ Kf7 39.
Qh8 Qd4 40. Qxh7+ Qg7 0-1

[Event "Late-Titled-Tuesday-Blitz-June-04-2024"]
[Site "Chess.com"]
[Date "2024.06.04"]
[Round "6"]
[White "Rutricks"]
[Black "NoSpaghettiForYou"]
[Result "1-0"]
[WhiteElo "2684"]
[BlackElo "2546"]
[TimeControl "180+1"]
[EndTime "15:05:26 PDT"]
[Termination "Rutricks won by resignation"]

1. Nc3 c5 2. Nf3 Nc6 3. e4 Nf6 4.
h3 h5 5. e5 Nh7 6. Bb5 g6 7. Qe2 Bg7 8. O-O Qc7 9. Re1 a6 10.
Nd5 Qd8 11. Bd3 b5 12. c3 Bb7 13. Nf4 O-O 14. Bc2 c4 15. d4 cxd3 16. Nxd3 d6 17. exd6 Qxd6 18. Bf4 Qf6 19. Be3 e5 20. Nc5 Bc8 21.
Ne4 Qe6 22. Bb3 Qd7 23. Rad1 Qc7 24. Bc5 Rd8 25. Bd6 Qa7 26. Bc5 Qc7 27. Neg5 Nxg5 28. Nxg5 Rxd1 29. Rxd1 Nd8 30. Bd6 Qc6 31. Bd5 Qxd6 32.
Nxf7 Be6 33. Nxd6 1-0

[Event "Late-Titled-Tuesday-Blitz-June-04-2024"]
[Site "Chess.com"]
[Date "2024.06.04"]
[Round "6"]
[White "traviscottofficial"]
[Black "yobdc"]
[Result "1-0"]
[WhiteElo "2684"]
[BlackElo "2542"]
[TimeControl "180+1"]
[EndTime "15:05:26 PDT"]
[Termination "traviscottofficial won on time"]

1. e4 c5 2. Nf3 Nf6 3. Nc3 d5 4. exd5 Nxd5 5. Bb5+ Bd7 6. Bxd7+ Qxd7 7. O-O Nc6 8. Re1 Nxc3 9. dxc3 Qxd1 10. Rxd1 e6 11.
Bf4 Be7 12. Ne5 Nxe5 13. Bxe5 f6 14. Bf4 Rd8 15. Kf1 Kf7 16. Bc7 Rxd1+ 17. Rxd1 Rc8 18. Bf4 e5 19. Be3 Ke6 20. Ke2 b5 21. a4 b4 22.
c4 g5 23. Rd5 f5 24. f3 h5 25.
Kd3 Bd6 26. Bxg5 Rg8 27. h4 a6 28. Ke3 Rg7 29. Kf2 f4 30. Ke2 Rg6 31. Kd3 Kf5 32.
a5 Re6 33. c3 Rg6 34. cxb4 cxb4 35. c5 Bc7 36. Rd7 Bxa5 37. Kc4 Rc6 38. Kd5 Rc8 39.
Rf7+ Kg6 40. Rf6+ Kg7 41. Rxa6 Bd8 42. Bxd8 Rxd8+ 43. Rd6 Re8 44. c6 Kf7 45. c7 Ke7 46.
Re6+ 1-0

[Event "Late-Titled-Tuesday-Blitz-June-04-2024"]
[Site "Chess.com"]
[Date "2024.06.04"]
[Round "6"]
[White "ManMish2"]
[Black "giovannibrandao7"]
[Result "1-0"]
[WhiteElo "2635"]
[BlackElo "2346"]
[TimeControl "180+1"]
[EndTime "15:05:26 PDT"]
[Termination "ManMish2 won by resignation"]

1. e4 c5 2. c3 Nf6 3. e5 Nd5 4. d4 cxd4 5. Nf3 Nc6 6. Bc4 e6 7. cxd4 d6 8. O-O Be7 9. exd6 Qxd6 10. Nc3 Nxc3 11. bxc3 O-O 12. Bd3 Bf6 13. Bg5 Bxg5 14. Nxg5 h6 15. Ne4 Qe7 16. Qh5 b6 17. Rfe1 Bb7 18.
Re3 f5 19. Nd2 Qf6 20. Bc4 Rae8 21. Rae1 Nd8 22. f4 Kh8 23. d5 Rf7 24. Nf3 Rfe7 25. d6 Bxf3 26. Qxf3 Rf7 27. Re5 Kh7 28. Qe3 Nb7 29.
Rxe6 Rxe6 30. Bxe6 Rf8 31. d7 Rd8 32. Qd4 Nc5 33.
Qxf6 gxf6 34. Bxf5+ Kg7 35. Re8 Rxd7 36. Bxd7 1-0

[Event "Late-Titled-Tuesday-Blitz-June-04-2024"]
[Site "Chess.com"]
[Date "2024.06.04"]
[Round "6"]
[White "YellowJacek"]
[Black "VirtualCoach"]
[Result "1-0"]
[WhiteElo "2389"]
[BlackElo "2215"]
[TimeControl "180+1"]
[EndTime "15:05:26 PDT"]
[Termination "YellowJacek won by resignation"]

1. e4 c5 2. Nf3 d6 3. d4 cxd4 4. Nxd4 Nf6 5. Nc3 a6 6. Bg5 Nbd7 7. Qe2 Qc7 8. f4 b5 9. Bxf6 gxf6 10.
Nd5 Qc5 11. Nb3 Qa7 12. f5 Bb7 13. O-O-O Rc8 14. Qh5 Nc5 15. Bd3 Bxd5 16. exd5 Qc7 17. Nxc5 Qxc5 18. Rhe1 Qxd5 19. Kb1 Qxg2 20. Re2 Qg5 21.
Qf3 Bg7 22. Qb7 O-O 23. Rg2 Qe3 24. Rdg1 Kh8 25. Rxg7 Rg8 26. Qg2 Qxg1+ 27. Qxg1 Rxg7 28. Qe3 Rcg8 29. b3 Rg1+ 30. Kb2 R1g2 31. Qxe7 Rxh2 32.
Qxf6+ Rg7 33. Qxd6 Rhg2 34. f6 Rg8 35. Qxa6 h5 36.
Qxb5 R2g5 37. Qc4 h4 38. Qxh4+ 1-0

[Event "Late-Titled-Tuesday-Blitz-June-04-2024"]
[Site "Chess.com"]
[Date "2024.06.04"]
[Round "6"]
[White "nabukatnezarr"]
[Black "IlanSchnaider"]
[Result "0-1"]
[WhiteElo "2579"]
[BlackElo "2778"]
[TimeControl "180+1"]
[EndTime "15:05:29 PDT"]
[Termination "IlanSchnaider won on time"]

1. b3 e5 2. Bb2 Nc6 3. e3 d5 4. Bb5 Ne7 5. Bxe5 a6 6. Bxc6+ Nxc6 7. Bb2 Qg5 8. Qf3 Bg4 9. Nh3 Qg6 10. Qg3 Bd6 11.
Nf4 Qxc2 12. Nc3 Qxb2 13. Rb1 Qc2 14. Qxg4 d4 15. exd4 O-O 16. O-O Nxd4 17. Ncd5 Bxf4 18. Nxf4 Qxd2 19. Nh5 Ne6 20. Rbd1 Qh6 21. Rfe1 Rad8 22. Rxd8 Rxd8 23. h3 Qg6 24. Qh4 h6 25. Re3 Ng5 26. Nf4 Rd1+ 27. Kh2 Qd6 28. Qg3 Rd2 29.
h4 Ne6 30. Nxe6 Qxg3+ 31. Kxg3 fxe6 32. Rxe6 Rxa2 33. Re7 Rc2 34. h5 Kf8 35. Rd7 Rc3+ 36.
Kg4 Rxb3 37. Rxc7 a5 38. f4 a4 39. Kf5 a3 40. Rc8+ Ke7 41. Rc7+ Kd6 42. Rc1 a2 43. Ra1 Ra3 44. Kg6 b5 45. f5 b4 46.
Kxg7 b3 47. f6 b2 48. Rd1+ Kc6 49. f7 a1=Q 50. Rd8 b1=Q+ 51. Kg8 Ra8 52. f8=Q Qb3+ 0-1

[Event "Late-Titled-Tuesday-Blitz-June-04-2024"]
[Site "Chess.com"]
[Date "2024.06.04"]
[Round "6"]
[White "isla88"]
[Black "HeinichessPY"]
[Result "1-0"]
[WhiteElo "2456"]
[BlackElo "2271"]
[TimeControl "180+1"]
[EndTime "15:05:29 PDT"]
[Termination "isla88 won by checkmate"]

1. Nf3 Nf6 2. b3 g6 3. Bb2 Bg7 4. e3 d6 5. d4 O-O 6. Be2 Nbd7 7.
O-O c6 8. Nbd2 Qc7 9. a4 Re8 10.
a5 e5 11. dxe5 Nxe5 12. b4 Bg4 13. c4 Rad8 14. h3 Bxf3 15. Nxf3 Ne4 16. Qc2 Nxf3+ 17. Bxf3 Bxb2 18. Qxb2 Ng5 19. Be2 d5 20. cxd5 Rxd5 21.
Bc4 Rd7 22. b5 Ne4 23. b6 axb6 24. axb6 Qd8 25. Qb4 Rd2 26. Ra7 Qf6 27. Rxb7 Rxf2 28. Bxf7+ Kh8 29. Qc4 Ra8 30. Ra7 Rd8 31. b7 Rdd2 32.
b8=Q+ Kg7 33. Bxg6+ Kxg6 34. Qbg8+ Kh6 35. Rxh7# 1-0

[Event "Late-Titled-Tuesday-Blitz-June-04-2024"]
[Site "Chess.com"]
[Date "2024.06.04"]
[Round "6"]
[White "gmcorrales"]
[Black "bazar-wokzal"]
[Result "1-0"]
[WhiteElo "2872"]
[BlackElo "2587"]
[TimeControl "180+1"]
[EndTime "15:05:30 PDT"]
[Termination "gmcorrales won on time"]

1. e4 c5 2. b3 Nf6 3. Qf3 Nc6 4.
Bb2 e5 5. Ne2 d5 6. exd5 Qxd5 7.
Qg3 Nd4 8. Nbc3 Qe6 9. O-O-O Nf5 10. Qd3 Bd7 11. Ng3 Nd4 12. Nce4 O-O-O 13. Ng5 Qe8 14. Re1 h6 15. Nf3 Ng4 16. Nxd4 Nxf2 17. Qc4 Nxh1 18. Nxh1 Bd6 19. Ng3 exd4 20. Rxe8 Rhxe8 21. Be2 Be6 22. Qd3 Bd5 23. c3 Kb8 24. cxd4 Bxg2 25. d5 Bf4 26.
Bf3 Re1+ 27. Kc2 Bh3 28. Bxg7 a6 29. Ne2 Bxh2 30. Bxh6 Ka7 31. Be3 Bd6 32. b4 Rc8 33. Qc4 1-0

[Event "Late-Titled-Tuesday-Blitz-June-04-2024"]
[Site "Chess.com"]
[Date "2024.06.04"]
[Round "6"]
[White "sammartin99"]
[Black "cthake"]
[Result "1-0"]
[WhiteElo "2294"]
[BlackElo "1754"]
[TimeControl "180+1"]
[EndTime "15:05:30 PDT"]
[Termination "sammartin99 won on time"]

1. d4 Nf6 2. c4 c5 3. d5 e6 4. Nc3 exd5 5. cxd5 d6 6. e4 g6 7. f3 Bg7 8. Bg5 O-O 9. Qd2 Re8 10. Be2 Nbd7 11. Nh3 a6 12. a4 Rb8 13. Nf2 b6 14. O-O Nf8 15. Rae1 h5 16. Bd3 N8h7 17. Bh6 Nd7 18.
Bxg7 Kxg7 19. f4 Ndf6 20. Bc4 Ng4 21. Nxg4 hxg4 22. e5 dxe5 23. fxe5 Qg5 24. Qf2 Bf5 25. Ne4 Qh6 26. Nd6 g3 27. hxg3 Ng5 28. Nxf5+ gxf5 29. Qxf5 Rh8 30. Qf6+ Qxf6 31. Rxf6 b5 32. axb5 axb5 33.
Bd3 c4 34. Bf5 Rbe8 35. Rb6 Rh5 36. g4 1-0

[Event "Late-Titled-Tuesday-Blitz-June-04-2024"]
[Site "Chess.com"]
[Date "2024.06.04"]
[Round "6"]
[White "stolencandy13"]
[Black "Nf3c5"]
[Result "0-1"]
[WhiteElo "2623"]
[BlackElo "2613"]
[TimeControl "180+1"]
[EndTime "15:05:31 PDT"]
[Termination "Nf3c5 won by resignation"]

1. d4 Nf6 2. Bf4 c5 3. e3 g6 4. Nc3 cxd4 5. exd4 d5 6. Qd2 a6 7. Nf3 Bg7 8. O-O-O Nc6 9. Ne5 O-O 10. h4 Bf5 11. f3 Nb4 12. Nd3 Bxd3 13. Bxd3 Rc8 14. Kb1 Nh5 15. Be3 e5 16. Ne2 Nxd3 17. Qxd3 e4 18.
fxe4 dxe4 19. Qd2 f5 20. g4 fxg4 21. Rdg1 Qd7 22. Bh6 Bxh6 23. Qxh6 Rf2 24. Qe3 Qf5 25. Rc1 Qf3 26. Qg5 Rxe2 27. Rhf1 Rf2 28. Rxf2 Qxf2 29. Qxg4 Qf5 30. Qe2 Nf4 31. Qe3 Nd5 32. Qb3 b5 33. a4 e3 34. axb5 axb5 35. Qxb5 Nc3+ 36. bxc3 Qxb5+ 0-1

[Event "Late-Titled-Tuesday-Blitz-June-04-2024"]
[Site "Chess.com"]
[Date "2024.06.04"]
[Round "6"]
[White "Defenstrator"]
[Black "Chigorinetz"]
[Result "0-1"]
[WhiteElo "2376"]
[BlackElo "2544"]
[TimeControl "180+1"]
[EndTime "15:05:31 PDT"]
[Termination "Chigorinetz won by resignation"]

1. d4 d5 2. Nf3 Nc6 3. Ne5 Nxe5 4.
dxe5 c6 5. e4 dxe4 6. Qxd8+ Kxd8 7. Nc3 Bf5 8. Bf4 e6 9. O-O-O+ Kc7 10. h3 h5 11. g3 Bc5 12. Bg2 Bxf2 13. Nxe4 Bxe4 14.
Bxe4 Ne7 15. Rhf1 Bc5 16. Bg5 Rhf8 17. c3 a5 18. a3 Nd5 19. Rf3 f6 20. Bxd5 fxg5 21.
Rxf8 Rxf8 22. Bxe6 Re8 23. Rd7+ Kb6 24. Bf7 Rxe5 25.
Bxh5 Re1+ 26. Kd2 Rg1 27. Rxg7 Rg2+ 28. Be2 Rxg3 29. b4 axb4 30. axb4 Be3+ 31. Kc2 Rxh3 32. c4 Bf4 33. c5+ Ka7 34. b5 cxb5 35. c6 b4 36. c7 Rc3+ 37. Kb2 Rxc7 38. Kb3 Rxg7 0-1

[Event "Late-Titled-Tuesday-Blitz-June-04-2024"]
[Site "Chess.com"]
[Date "2024.06.04"]
[Round "6"]
[White "JoakimVonAnd"]
[Black "Jospem"]
[Result "0-1"]
[WhiteElo "2781"]
[BlackElo "3034"]
[TimeControl "180+1"]
[EndTime "15:05:33 PDT"]
[Termination "Jospem won by resignation"]

1. d4 Nf6 2. c4 e6 3. Nc3 Bb4 4. e3 O-O 5. Bd3 d6 6. Ne2 Nbd7 7. a3 Bxc3+ 8. Nxc3 e5 9. O-O Re8 10. Qc2 Qe7 11.
f3 c6 12. Bd2 Nf8 13. Rad1 Ne6 14. Bc1 h6 15. Ne2 Qc7 16. b4 a5 17. Bb2 axb4 18. axb4 Bd7 19. Qc3 Nf8 20. c5 Nd5 21. Qd2 exd4 22.
Bxd4 dxc5 23. bxc5 Ne6 24. Be4 Nxd4 25. Nxd4 Nf6 26.
Bb1 Qe5 27. Rfe1 Qxc5 28. Kh1 Qa5 29. Qb2 c5 30. Nf5 Bxf5 31. Bxf5 c4 32. e4 b5 33. e5 Nd5 34. e6 Nf6 35. Re5 fxe6 36. Bxe6+ Kh8 37.
Rxb5 Qa4 38. Re1 Rxe6 39. Rb8+ Rxb8 40. Qxb8+ Re8 0-1

[Event "Late-Titled-Tuesday-Blitz-June-04-2024"]
[Site "Chess.com"]
[Date "2024.06.04"]
[Round "6"]
[White "MaxLeto"]
[Black "JaackCamel"]
[Result "1-0"]
[WhiteElo "2441"]
[BlackElo "2242"]
[TimeControl "180+1"]
[EndTime "15:05:33 PDT"]
[Termination "MaxLeto won on time"]

1. g4 d5 2. Bg2 e5 3. d4 e4 4. c4 c6 5. Nc3 Bxg4 6. Qb3 Be6 7.
Qxb7 Nd7 8. cxd5 Rb8 9. Qxc6 Rc8 10. Qa4 Rxc3 11. dxe6 Rxc1+ 12. Rxc1 fxe6 13. Bxe4 Nf6 14.
Bb7 Qb6 15. Rc8+ Kf7 16. Bc6 Bb4+ 17. Kf1 Rxc8 18. Bxd7 Rc1+ 19. Kg2 Qb7+ 20. Nf3 Rxh1 21. Bc6 Qb6 22. Kxh1 Bd6 23. Qb5 Qxb5 24. Bxb5 Ne4 25. Kg2 h6 26. Bc4 Ke7 27. e3 Bc7 28. Ne1 Nd2 29. Bd3 a5 30. f3 a4 31. h4 Bd6 32.
Kf2 a3 33. bxa3 Bxa3 34. Ke2 Bb4 35. Nc2 Ba5 36. h5 1-0

[Event "Late-Titled-Tuesday-Blitz-June-04-2024"]
[Site "Chess.com"]
[Date "2024.06.04"]
[Round "6"]
[White "bubeliang"]
[Black "nihalsarin"]
[Result "1/2-1/2"]
[WhiteElo "2859"]
[BlackElo "3225"]
[TimeControl "180+1"]
[EndTime "15:05:34 PDT"]
[Termination "Game drawn by repetition"]

1. e4 g6 2. d4 Bg7 3. Nf3 d6 4. Bd3 Nc6 5. Be3 Bg4 6. c3 Bxf3 7. Qxf3 e5 8. Bb5 Ne7 9. Bxc6+ Nxc6 10. dxe5 Nxe5 11.
Qe2 O-O 12. O-O f5 13. Nd2 f4 14. Bd4 f3 15. Nxf3 Nxf3+ 16. gxf3 Bh6 17. e5 d5 18. e6 Qg5+ 19. Kh1 Rae8 20. Rae1 Qh5 21. Qe5 Qxe5 22.
Rxe5 c6 23. Kg2 Bg7 24. Re2 Bxd4 25. cxd4 Kg7 26. Rfe1 Kf6 27. e7 Rf7 28. Re6+ Kg7 29. R1e5 Rf6 30. Kg3 Rxe6 31. Rxe6 Kf7 32. Re5 Rxe7 33. f4 Kf6 34. Kg4 h5+ 35. Kh4 Rd7 36. Kg3 c5 37. dxc5 d4 38. Kf3 d3 39. Re1 a5 40.
Rd1 Kf5 41. b3 d2 42. Ke2 Kxf4 43.
Rxd2 Re7+ 44. Kf1 Rc7 45. Rd5 Kf3 46. a3 Re7 47. b4 a4 48. Rd3+ Kf4 49. Rc3 Rd7 50.
Kg2 g5 51. b5 Rc7 52. c6 bxc6 53. bxc6 Ke4 54. Rc4+ Ke5 55. h3 Kf5 56. Kg3 Ke5 57.
Rxa4 Rxc6 58. Ra5+ Kf6 59. h4 Rc3+ 60. f3 g4 61. Ra6+ Kf7 62. Ra7+ Kg6 63. Ra6+ Kg7 64. Ra7+ Kf8 65. Ra5 Rxf3+ 66. Kg2 Kg7 67. Rxh5 Rxa3 68. Rg5+ Kh6 69. Rxg4 Kh5 70. Rg3 Ra4 71. Rf3 Kg4 72.
Rg3+ Kxh4 73. Rh3+ Kg4 74. Rg3+ Kf4 75. Rf3+ Ke4 76.
Rg3 Ra2+ 77. Kh3 Ra8 78. Kg2 Kf4 79. Rf3+ Ke4 80. Rg3 Ra1 81. Rf3 Ra2+ 82. Rf2 Ra3 83. Rf1 Ra7 84. Rf2 Ke3 85. Rf3+ Ke4 86. Rg3 Kf4 87.
Rf3+ Ke5 88. Rf2 Kd4 89. Rf4+ Ke3 90. Rf3+ Kd2 91. Rf2+ Ke3 92. Rf3+ 1/2-1/2

[Event "Late-Titled-Tuesday-Blitz-June-04-2024"]
[Site "Chess.com"]
[Date "2024.06.04"]
[Round "6"]
[White "oskariot"]
[Black "AlexeiShirov"]
[Result "0-1"]
[WhiteElo "2688"]
[BlackElo "2893"]
[TimeControl "180+1"]
[EndTime "15:05:35 PDT"]
[Termination "AlexeiShirov won on time"]

1. e4 e5 2. Nf3 Nc6 3. Nc3 g6 4.
Bc4 Bg7 5. a4 Nf6 6. d3 d6 7. h3 Be6 8. Bxe6 fxe6 9. a5 a6 10.
O-O O-O 11. Be3 Nh5 12. Ne2 Rxf3 13. gxf3 Qh4 14. Kh2 Rf8 15. c3 Rxf3 16. Ng1 Rf7 17. Qg4 Qe7 18. Ne2 Nf4 19. Bxf4 exf4 20. d4 f3 21. Ng3 Bh6 22. d5 Nd8 23. Nh5 Kf8 24.
Rg1 Ke8 25. Rae1 gxh5 26. Qxh5 Bf4+ 27. Kh1 Kd7 28. e5 Bxe5 29. Rxe5 dxe5 30. Rg8 Rg7 31.
Rh8 exd5 0-1

[Event "Late-Titled-Tuesday-Blitz-June-04-2024"]
[Site "Chess.com"]
[Date "2024.06.04"]
[Round "6"]
[White "garfield_pg"]
[Black "RebecaJimnz"]
[Result "1-0"]
[WhiteElo "2467"]
[BlackElo "2284"]
[TimeControl "180+1"]
[EndTime "15:05:35 PDT"]
[Termination "garfield_pg won on time"]

1. d4 d5 2. Nf3 Nf6 3. Bf4 e6 4. e3 Bd6 5. Ne5 c5 6. Bb5+ Kf8 7. O-O Qc7 8. c3 Nbd7 9. Bxd7 Nxd7 10. Qh5 g6 11. Qh6+ Kg8 12. Nxd7 Bxd7 13. Bxd6 Qxd6 14. Nd2 Qf8 15. Qf4 h5 16. h4 Qe7 17. e4 dxe4 18. Nxe4 cxd4 19. Qe5 Bc6 20. Nf6+ Kf8 21. Nd7+ Kg8 22.
Nf6+ Kf8 23. Nd5 f6 24. Nxf6 Kf7 25. Ne4 Bxe4 26. Qxe4 dxc3 27. bxc3 Rab8 28. Rad1 1-0

[Event "Late-Titled-Tuesday-Blitz-June-04-2024"]
[Site "Chess.com"]
[Date "2024.06.04"]
[Round "6"]
[White "MuhittinBuker"]
[Black "Navyblue1"]
[Result "1-0"]
[WhiteElo "2227"]
[BlackElo "2196"]
[TimeControl "180+1"]
[EndTime "15:05:38 PDT"]
[Termination "MuhittinBuker won by resignation"]

1. d4 Nf6 2. c4 g6 3. Nc3 Bg7 4.
e4 d6 5. Be2 O-O 6. Nf3 Qe8 7.
O-O e5 8. d5 a5 9. b3 Na6 10. Ne1 Nc5 11. f3 Bd7 12. Nd3 b6 13. Nxc5 bxc5 14. a4 Qe7 15. Bd2 Ne8 16. Nb5 c6 17.
dxc6 Bxc6 18. Bc3 f5 19. Bd3 Qb7 20. Qe1 Qb6 21. Bc2 Rf7 22. Rd1 Bb7 23. Qd2 f4 24. g3 Bh6 25. g4 Bg5 26. Qf2 Be7 27. h4 Nc7 28. Na3 Bc6 29. Rd3 Ne6 30. Rfd1 Nd4 31. Bxd4 cxd4 32. Nb5 Bxb5 33. cxb5 Rc8 34. Bb1 Bd8 35.
Qb2 Rfc7 36. Kg2 Bxh4 37. b4 Kh8 38. bxa5 Qxa5 39. Qb3 Bf6 40. Qe6 Bg7 41. Qxd6 Qxa4 42. b6 Rb7 43. Rc1 Rxc1 44. Qd8+ 1-0